 Dungeon Crawl Stone Soup version 0.23.0 (webtiles) character file.

Game seed: 5405245428731356495

3192 dvd the Thaumaturge (level 9, -11/49 HPs)
             Began as a Deep Elf Fire Elementalist on Feb 9, 2019.
             Was a Believer of Vehumet.
             Mangled by Grum
             ... wielding a -1 glaive
              (15 damage)
             ... on level 8 of the Dungeon.
             The game lasted 00:18:51 (7777 turns).

dvd the Thaumaturge (Deep Elf Fire Elementalist)    Turns: 7777, Time: 00:18:52

Health: -11/49     AC:  3    Str:  8    XL:     9   Next: 64%
Magic:  6/25       EV: 15    Int: 24    God:    Vehumet [**....]
Gold:   339        SH:  0    Dex: 15    Spells: 12/28 levels left

rFire    . . .     SeeInvis .   a - +8 quarterstaff of Extinguishment {elec, Str+3}
rCold    . . .     Gourm    +   (shield currently unavailable)
rNeg     . . .     Faith    .   y - +0 robe
rPois    .         Spirit   .   (no helmet)
rElec    .         Reflect  .   (no cloak)
rCorr    .         Harm     .   (no gloves)
MR       +....                  t - +0 pair of boots (curse)
Stlth    ++++......             C - amulet of the gourmand
HPRegen  0.16/turn              d - ring of protection from magic
MPRegen  0.19/turn              z - ring of stealth

@: no status effects
A: no striking features
a: Renounce Religion


You were on level 8 of the Dungeon.
You worshipped Vehumet.
Vehumet was pleased with you.
You were completely stuffed.

You visited 2 branches of the dungeon, and saw 9 of its levels.
You also visited: Sewer.

You collected 339 gold pieces.

Inventory:

Hand Weapons
 a - the +8 quarterstaff of Extinguishment (weapon) {elec, Str+3}
   (You found it on level 5 of the Dungeon)

   Occasionally, upon striking a foe, it will discharge some electrical energy
   and cause terrible harm.
   It affects your strength (+3).
 k - a +2 dagger of protection
 x - a +2 mace of protection
 A - a +3 flail of freezing
 I - a +2 dagger of venom
 N - a +1 falchion of slicing
Armour
 t - a cursed +0 pair of boots (worn)
 y - a +0 robe (worn)
Jewellery
 d - a ring of protection from magic (left hand)
 z - a ring of stealth (right hand)
 C - an amulet of the gourmand (around neck)
 L - an uncursed ring of fire {unknown}
Wands
 B - a wand of acid (7)
 J - a wand of iceblast (7)
 K - a wand of random effects (9)
 M - a wand of flame (15)
Scrolls
 b - 4 scrolls of remove curse {unknown}
 f - 2 scrolls of amnesia
 g - 7 scrolls of identify
 i - 4 scrolls of teleportation {unknown}
 l - a scroll of blinking {unknown}
 n - 2 scrolls of magic mapping {unknown}
 p - 2 scrolls of enchant weapon {unknown}
 q - a scroll of fog {unknown}
 v - 4 scrolls of enchant armour {unknown}
 D - a scroll of vulnerability {unknown}
 G - a scroll of noise {unknown}
Potions
 e - 4 potions of flight
 h - 2 potions of curing
 j - 2 potions of lignification {unknown}
 m - 3 potions of ambrosia {unknown}
 o - 3 potions of heal wounds {unknown}
 r - 4 potions of brilliance {unknown}
 s - 5 potions of might
 u - 5 potions of agility
 w - a potion of mutation {unknown}
 E - a potion of haste {unknown}
 F - a potion of resistance {unknown}
 O - a potion of magic {unknown}
Comestibles
 c - 7 rations
 H - a chunk of flesh


   Skills:
 + Level 2.4 Fighting
 + Level 0.4 Short Blades
 + Level 3.2 Staves
 + Level 4.6 Dodging
 + Level 4.4 Stealth
 + Level 10.2 Spellcasting
 + Level 7.2 Conjurations
 + Level 7.7 Fire Magic
 + Level 0.8 Evocations


You had 12 spell levels left.
You knew the following spells:

 Your Spells              Type           Power        Failure   Level  Hunger
a - Flame Tongue          Conj/Fire      #####        1%          1    None
b - Throw Flame           Conj/Fire      #####.       1%          2    None
c - Sticky Flame          Conj/Fire      #####...     2%          4    #......
d - Fireball              Conj/Fire      #####.....   7%          5    ####...
e - Dazzling Spray        Conj/Hex       ####..       3%          3    None
f - Shock                 Conj/Air       ####         1%          1    None

Your spell library contained the following spells:

 Spells                   Type           Power        Failure   Level  Hunger
 Conjure Flame            Conj/Fire      #####...     1%          3    None
 Inner Flame              Hex/Fire       ####....     3%          3    None
 Corona                   Hex            ##.....      5%          1    None
 Summon Small Mammal      Summ           ##..         5%          1    None
 Call Imp                 Summ           ##......     8%          2    None
 Ensorcelled Hibernation  Hex/Ice        ##....       8%          2    None
 Call Canine Familiar     Summ           ##......     16%         3    None
 Confuse                  Hex            ##......     16%         3    None
 Summon Guardian Golem    Hex/Summ       ##......     16%         3    None
 Tukima's Dance           Hex            ##......     16%         3    None
 Summon Ice Beast         Ice/Summ       ##......     45%         4    #......
 Summon Lightning Spire   Summ/Air       ##......     45%         4    #......


Dungeon Overview and Level Annotations

Branches:
Dungeon (8/15)             Temple (1/1) D:4
   Lair: D:8-11

Altars:
Ashenzari
Cheibriados
Dithmenos
Elyvilon
Fedhas
Gozag
Hepliaklqana
Kikubaaqudgha
Makhleb
Nemelex Xobeh
Okawaru
Ru
Sif Muna
Trog
Vehumet
Wu Jian
Xom
Yredelemnul
Zin
The Shining One

Annotations:
D:8 2 transporters, Grum


Message History

The wolf is moderately wounded.
The spray of energy hits the wolf but does no damage.
The wolf is heavily wounded.
The spray of energy hits the wolf!
The wolf is moderately wounded.
The wolf bites you! The wolf closely misses you. The wolf bites you.
* * * LOW HITPOINT WARNING * * *
The wolf bites you.
* * * LOW HITPOINT WARNING * * *
Unknown command.
Okay, then.
Unknown command.
The wolf bites you.
* * * LOW HITPOINT WARNING * * *
The wolf barely misses you.
You feel better. The wolf bites you.
* * * LOW HITPOINT WARNING * * *
Grum shouts, "Fido!
Good boy!"
Grum hits you from afar with a -1 glaive!
You die...

............# #......###...
............#
#......รท....#
............# ##.......####
............# #.....)##
............# #.....##
............# #.....## #
#.........gh# ###......## #
#..........h###.........# #
##........h@#...##......#
##
##...........####....#..##.
########.#### ########.##
### ###


You could see Grum and 3 wolves.

Vanquished Creatures
  Pikel (D:7)
  A hippogriff (D:7)
  Eustachio (D:6)
  An orc warrior (D:7)
  2 ice beasts (D:5)
  2 black bears
  3 ogres
  A wolf (D:8)
  3 bullfrogs
  A big kobold (Sewer)
  A gnoll sergeant (D:7)
  A scorpion (D:5)
  6 killer bees (D:7)
  4 wights (D:5)
  A howler monkey (D:5)
  2 jellies
  4 hounds
  A bullfrog skeleton (D:4)
  2 orc priests (D:7)
  A centaur skeleton (D:8)
  5 orc wizards
  A worker ant (D:6)
  A hound skeleton (D:6)
  12 gnolls
  A howler monkey skeleton (D:4)
  10 adders
  2 river rats (Sewer)
  3 shadow imps
  An adder zombie (D:7)
  An adder skeleton (D:6)
  2 worms
  2 dart slugs
  3 leopard geckos
  12 orcs
  2 ball pythons
  3 bats
  6 giant cockroaches
  3 goblins (D:1)
  12 hobgoblins
  15 jackals
  12 kobolds
  3 frilled lizards
  3 quokka skeletons
  8 rats
162 creatures vanquished.

Vanquished Creatures (others)
  2 slaves (D:7)
  A centaur zombie (D:7)
  A jelly (D:7)
  An orc (D:7)
5 creatures vanquished.

Grand Total: 167 creatures vanquished

Notes
Turn   | Place    | Note
-------+----------+-------------------------------------------
     0 | D:1      | dvd the Deep Elf Fire Elementalist began the quest for the
                  | Orb.
     0 | D:1      | Reached XP level 1. HP: 10/10 MP: 6/6
   107 | D:1      | Reached XP level 2. HP: 4/15 MP: 5/8
   403 | D:1      | Learned a level 2 spell: Throw Flame
  1007 | D:2      | Reached XP level 3. HP: 19/19 MP: 4/9
  1580 | D:3      | Found a glowing drain.
  1624 | Sewer    | Entered a sewer
  1631 | Sewer    | Reached XP level 4. HP: 9/24 MP: 3/11
  1634 | Sewer    | Reached skill level 4 in Spellcasting
  1887 | Sewer    | Noticed a big kobold
  1901 | Sewer    | Killed a big kobold
  1901 | Sewer    | Reached XP level 5. HP: 17/28 MP: 5/13
  2036 | Sewer    | Found a white marble altar of Elyvilon.
  2245 | D:3      | Learned a level 4 spell: Sticky Flame
  2456 | D:3      | Reached skill level 5 in Spellcasting
  2513 | D:3      | Found a shadowy altar of Dithmenos.
  2513 | D:3      | Found a blossoming altar of Fedhas.
  2646 | D:4      | Found an opulent altar of Gozag.
  2712 | D:4      | Found a staircase to the Ecumenical Temple.
  2717 | Temple   | Entered the Ecumenical Temple
  2762 | Temple   | Became a worshipper of Vehumet
  2984 | D:4      | Reached skill level 5 in Fire Magic
  3471 | D:5      | Entered Level 5 of the Dungeon
  3480 | D:5      | Noticed an ogre
  3487 | D:5      | Killed an ogre
  3487 | D:5      | Reached XP level 6. HP: 33/33 MP: 5/16
  3578 | D:5      | Reached skill level 6 in Spellcasting
  3727 | D:5      | Found a sacrificial altar of Ru.
  3827 | D:5      | HP: 1/33 [wight/+1 dire flail of freezing (2)]
  3828 | D:5      | Reached skill level 1 in Fighting
  3828 | D:5      | Reached XP level 7. HP: 1/38 MP: 6/19
  4278 | D:5      | Reached skill level 7 in Spellcasting
  4298 | D:5      | Got a bloodstained quarterstaff
  4299 | D:5      | Identified the +8 quarterstaff of Extinguishment {elec,
                  | Str+3} (You found it on level 5 of the Dungeon)
  4531 | D:5      | Reached * piety under Vehumet
  4531 | D:5      | Offered knowledge of Sandblast by Vehumet.
  4542 | D:5      | Reached XP level 8. HP: 25/43 MP: 0/21
  4972 | D:6      | Learned a level 5 spell: Fireball
  5482 | D:6      | Learned a level 3 spell: Dazzling Spray
  5501 | D:6      | Noticed Eustachio
  5508 | D:6      | Killed Eustachio
  5508 | D:6      | Reached skill level 1 in Staves
  5508 | D:6      | Reached skill level 8 in Spellcasting
  5508 | D:6      | Reached skill level 5 in Conjurations
  6224 | D:7      | Found a bloodstained altar of Trog.
  6416 | D:7      | Noticed a hippogriff
  6422 | D:7      | Killed a hippogriff
  6422 | D:7      | Reached skill level 9 in Spellcasting
  6444 | D:7      | Noticed Pikel
  6462 | D:7      | Killed Pikel
  6462 | D:7      | Reached ** piety under Vehumet
  6462 | D:7      | Reached XP level 9. HP: 32/48 MP: 3/24
  6509 | D:7      | Offered knowledge of Shock by Vehumet.
  6771 | D:7      | Found a hazy altar of Hepliaklqana.
  6772 | D:7      | Found a sacrificial altar of Ru.
  6772 | D:7      | Found a basalt altar of Yredelemnul.
  6772 | D:7      | Found a glowing silver altar of Zin.
  7396 | D:8      | Learned a level 1 spell: Shock
  7504 | D:8      | Noticed a troll
  7602 | D:8      | Noticed a centaur warrior
  7609 | D:8      | Found an iron altar of Okawaru.
  7652 | D:8      | Found a transporter.
  7673 | D:8      | Found a transporter.
  7716 | D:8      | Found a burning altar of Makhleb.
  7768 | D:8      | Noticed Grum
  7772 | D:8      | Reached skill level 10 in Spellcasting
  7776 | D:8      | HP: 1/49 [wolf[Grum] (4)]
  7777 | D:8      | Mangled by Grum

Skill      XL: |  1  2  3  4  5  6  7  8  9 |
---------------+----------------------------+-----
Fire Magic     | 4 5 6 7 |  7.7
Stealth        | 3 4 |  4.4
Spellcasting   | 4 5 6 7 9 10 | 10.2
Conjurations   | 2 3 4 6 7 |  7.2
Fighting       | 1 2 |  2.4
Dodging        | 3 4 |  4.6
Staves         | 2 3 |  3.2
Short Blades   | |  0.4
Evocations     | |  0.8

Action                   |  1- 3 |  4- 6 |  7- 9 || total
-------------------------+-------+-------+-------++-------
Melee: Dagger            |       |    18 |       ||    18
       Quarterstaff      |       |       |    45 ||    45
 Cast: Flame Tongue      |    53 |    66 |    61 ||   180
       Throw Flame       |    18 |    20 |    42 ||    80
       Sticky Flame      |       |     2 |    19 ||    21
       Fireball          |       |       |    10 ||    10
       Dazzling Spray    |       |       |     5 ||     5
Evoke: Wand              |       |       |     3 ||     3
  Use: Scroll            |       |       |     2 ||     2
       Potion            |       |       |     3 ||     3
 Stab: Distracted        |       |       |     1 ||     1
  Eat: Chunk             |     3 |     6 |    22 ||    31
       Ration            |       |       |     1 ||     1
Armor: Robe              |     1 |    11 |     6 ||    18
Dodge: Dodged            |     6 |    38 |    51 ||    95
